 Dungeon Crawl Stone Soup version 0.28.0-53-g5a82cb258f (webtiles) character file.

Game seed: 14142313606573626112

30 pkoi the Insei (level 2, 0/24 HPs)
             Began as a Demigod Gladiator on June 3, 2022.
             Slain by a gnoll
             ... wielding a +0 spear
              (6 damage)
             ... on level 1 of the Dungeon.
             The game lasted 00:00:59 (1506 turns).

pkoi the Insei (Demigod Gladiator)                  Turns: 1506, Time: 00:01:00

Health: 0/24       AC:  4    Str: 15    XL:     2   Next: 87%
Magic:  4/4        EV: 12    Int: 10    God:
Gold:   91         SH:  0    Dex: 15    Spells: 1/1 levels left

rFire   . . .      SeeInvis .     - Unarmed
rCold   . . .      Faith    .   (no shield)
rNeg    . . .      Spirit   .   a - +0 leather armour
rPois   .          Reflect  .   b - +0 helmet
rElec   .          Harm     .   (no cloak)
rCorr   .          Rampage  .   (no gloves)
Will    .....                   (no boots)
Stlth   +.........              (no amulet)
HPRegen 0.08/turn               (no ring)
MPRegen 0.09/turn               (no ring)

@: attractive
A: high MP 1, forlorn, divine attributes
a: no special abilities


You were on level 1 of the Dungeon.
You visited 1 branch of the dungeon, and saw 2 of its levels.

You collected 91 gold pieces.

Inventory:

Missiles
 c - 3 throwing nets (quivered)
Armour
 a - a +0 leather armour (worn)
 b - a +0 helmet (worn)
Jewellery
 f - a ring of ice
Scrolls
 d - a scroll of identify
 e - a scroll of fog


   Skills:
 - Level 1.7 Fighting
 - Level 1.7 Throwing
 - Level 2.6 Dodging
 + Level 3.8 Unarmed Combat


You had one spell level left.
You didn't know any spells.
Your spell library contained the following spells:

 Spells                   Type           Power      Damage    Failure   Level
 Confusing Touch          Hex            0%         N/A       80%         3
 Yara's Violent Unravell  Hex/Tmut       0%         3d3       100%        5
 Enfeeble                 Hex            0%         N/A       100%        7


Dungeon Overview and Level Annotations

Branches:
Dungeon (2/15)


Innate Abilities, Weirdness & Mutations

You have an increased reservoir of magic. (+10% MP)
You shall have no god before yourself.
Your divine heritage dramatically boosts your attributes as you level up.


Message History

You closely miss the bat. You punch the bat.
The bat is moderately wounded.
The bat barely misses you. The bat misses you.
You see here a rat corpse.
The bat hits you but does no damage. The gnoll hits you but does no damage.
There is a stone staircase leading up here.
The bat barely misses you.
You punch the bat!
You kill the bat!
The gnoll hits you from afar with a +0 spear.
* * * LOW HITPOINT WARNING * * *
The gnoll hits you with a +0 spear.
* * * LOW HITPOINT WARNING * * *
There is a stone staircase leading up here.
The gnoll hits you with a +0 spear!
* * * LOW HITPOINT WARNING * * *
You climb upwards.
There is a stone staircase leading down here.
Unknown command.
You hit the gnoll.
The gnoll is moderately wounded.
The gnoll closely misses you.
It was a potion of attraction.
You feel attractive to monsters. The gnoll closely misses you.
As you read the scroll labelled WOUDEFF ZETS, it crumbles to dust.
It is a scroll of identify.
e - a scroll of fog The gnoll barely misses you.
As you read the scroll labelled FUBIUM ULITSAR, it crumbles to dust.
It is a scroll of enchant weapon.
You aren't carrying any weapons that can be enchanted.
The gnoll closely misses you.
You hit the gnoll.
The gnoll is heavily wounded.
You hit the gnoll.
The gnoll is severely wounded.
The gnoll hits you with a +0 spear.
You die...

#..####.##..#######.#.#....
#..##.#.##.......##.#......
#..##.#.##.......##.#######
#.....#.##.......##.#......
#...###.##..#######.#####.#
#...# #.....# #.#####..
#...######..# #........
#...........###########.###
#.#.......@.............#.#
#...#####.g..############.#
###.# ####.# #.# #.# #.#
#.# ##.########.##### #.#
#........##.....# ######.#
#..#####.##.....# #<......
#........##.....# ######.#
#.#########.....# #.#


You could see a gnoll.

Vanquished Creatures
  A gnoll (D:1)
  3 endoplasms (D:1)
  2 giant cockroaches (D:1)
  A goblin (D:1)
  2 hobgoblins
  2 quokkas (D:1)
  2 ball pythons
  5 bats
  A frilled lizard (D:1)
  A rat (D:2)
20 creatures vanquished.

Notes
Turn   | Place    | Note
-------+----------+-------------------------------------------
     0 | D:1      | pkoi the Demigod Gladiator began the quest for the Orb.
     0 | D:1      | Reached XP level 1. HP: 17/17 MP: 3/3
   250 | D:1      | Reached skill level 3 in Unarmed Combat
   603 | D:1      | Reached XP level 2. HP: 18/24 MP: 4/4
  1506 | D:1      | Slain by a gnoll

Illustrated notes

Levels and vault maps discovered:
D:1:      lemuel_arrival_cross, layout_basic
D:2:      layout_loops_cross, serial_shops, shop_statue, uniq_jessica

Skill      XL: |  1 |
---------------+----+-----
Unarmed Combat | 3 |  3.8
Fighting       | |  1.7
Throwing       | |  1.7
Dodging        | |  2.6

Action                   || total
-------------------------++-------
Melee: Unarmed           ||    86
       Punch             ||     4
  Use: Scroll            ||     2
       Potion            ||     1
Armor: Leather armour    ||    34
Dodge: Dodged            ||    78
